 Dungeon Crawl Stone Soup version 0.27-a0-686-gaed091b46b (webtiles) character file.

Game seed: 10111623749161074331

100 funkygono the Bolt Thrower (level 4, 0/38 HPs)
             Began as a Minotaur Hunter on Mar 20, 2021.
             Slain by a river rat (7 damage)
             ... in a sewer.
             The game lasted 00:04:19 (1910 turns).

funkygono the Bolt Thrower (Minotaur Hunter)        Turns: 1910, Time: 00:04:20

Health: 0/38       AC:  3    Str: 18    XL:     4   Next: 47%
Magic:  3/3        EV: 11    Int:  8    God:
Gold:   54         SH:  0    Dex: 10    Spells: 3/3 levels left

rFire    x . .     SeeInvis .   a - +0 club
rCold    + . .     Faith    .   (no shield)
rNeg     + . .     Spirit   .   c - +0 leather armour
rPois    .         Reflect  .   (helmet restricted)
rElec    .         Harm     .   (no cloak)
rCorr    .         Rampage  .   (no gloves)
Will     .....                  (no boots)
Stlth    +.........             (no amulet)
HPRegen  0.12/turn              g - ring of positive energy
MPRegen  0.08/turn              h - ring of ice

@: very slow
A: horns 2, retaliatory headbutt
a: no special abilities


You were in a sewer.
You visited 1 branch of the dungeon, and saw 3 of its levels.
You also visited: Sewer.

You collected 54 gold pieces.

Inventory:

Hand Weapons
 a - a +0 club (weapon)
 b - a +1 hand crossbow
 e - a +0 short sword
Missiles
 d - 27 bolts
Armour
 c - a +0 leather armour (worn)
 l - a +0 kite shield
Jewellery
 g - a ring of positive energy (right hand)
 h - a ring of ice (left hand)
Potions
 i - 2 potions of heal wounds
 j - a potion of haste


   Skills:
 * Level 3.2 Fighting
 * Level 1.3 Maces & Flails
 + Level 5.9 Crossbows
 + Level 1.0 Armour
 - Level 2.2 Dodging
 - Level 0.7 Stealth


You had 3 spell levels left.
You didn't know any spells.
Your spell library contained the following spells:

 Spells                   Type           Power      Damage    Failure   Level
 Beastly Appendage        Tmut           0%         N/A       45%         1
 Wereblood                Tmut           0%         N/A       61%         2
 Spider Form              Tmut/Pois      0%         N/A       83%         3
 Ice Form                 Ice/Tmut       0%         N/A       99%         4
 Blade Hands              Tmut           0%         N/A       100%        5


Dungeon Overview and Level Annotations

Branches:
Dungeon (3/15)              Sewer (1/1)

Altars:
Gozag


Innate Abilities, Weirdness & Mutations

You have a pair of horns on your head.
You reflexively headbutt those who attack you in melee.


Message History

Your unstable footing causes you to fumble your attack.
The rat splashes around in the water.
You hit the rat.
The rat is heavily wounded.
The rat barely misses you.
You hit the rat.
You kill the rat!
You see here a rat corpse.
You enter the shallow water.
Moving in this stuff is going to be slow. 2 rats and a river rat come into view.
You barely miss the river rat. The river rat bites you.
Your unstable footing causes you to fumble your attack.
The river rat bites you but does no damage.
Your unstable footing causes you to fumble your attack.
The river rat bites you.
The rat splashes around in the water.
The river rat bites you but does no damage.
Your unstable footing causes you to fumble your attack.
The rat barely misses you. The river rat bites you!
You hit the river rat but do no damage. You headbutt the river rat.
The river rat is heavily wounded.
The rat bites you.
The river rat bites you but does no damage.
Your unstable footing causes you to fumble your attack.
The rat bites you but does no damage. The river rat barely misses you.
You furiously retaliate!
You headbutt the river rat, but do no damage.
The rat bites you but does no damage.
You barely miss the river rat.
The river rat is heavily wounded.
The river rat bites you. The rat bites you but does no damage.
The river rat bites you.
You hit the river rat but do no damage.
The river rat is heavily wounded.
The rat closely misses you. You furiously retaliate!
You headbutt the rat.
You kill the rat!
The river rat bites you!
* * * LOW HITPOINT WARNING * * *
The river rat bites you!
You die...

#######################
#..≈≈≈≈≈≈≈≈≈≈≈≈≈≈≈....##
..≈≈≈≈≈≈≈≈.≈≈≈≈≈≈≈≈....#
..≈≈≈≈≈†≈r@≈≈≈≈≈≈†≈.∩..#
..≈≈≈≈≈≈r≈≈#≈≈≈≈≈≈≈.∩..#
..≈≈≈≈≈≈.≈≈≈≈≈≈≈≈≈≈....#
..#≈≈≈≈≈≈≈≈≈≈≈≈≈≈≈#...##
#####################


You could see a river rat and a rat.

Vanquished Creatures
  4 adders
  A river rat (Sewer)
  2 worms (D:2)
  2 dart slugs
  A leopard gecko (D:3)
  3 ball pythons (D:3)
  A giant cockroach (D:1)
  5 hobgoblins
  6 jackals (D:1)
  3 kobolds
  2 quokkas
  3 bats
  3 frilled lizards
  4 goblins (D:1)
  4 rats
44 creatures vanquished.

Notes
Turn   | Place    | Note
-------+----------+-------------------------------------------
     0 | D:1      | funkygono the Minotaur Hunter began the quest for the Orb.
     0 | D:1      | Reached XP level 1. HP: 18/18 MP: 0/0
   261 | D:1      | Reached XP level 2. HP: 25/25 MP: 1/1
   277 | D:1      | Reached skill level 5 in Crossbows
   597 | D:1      | Reached XP level 3. HP: 30/30 MP: 2/2
  1083 | D:2      | Found an opulent altar of Gozag.
  1404 | D:2      | Reached XP level 4. HP: 38/38 MP: 3/3
  1736 | D:3      | Reached skill level 1 in Maces & Flails
  1779 | D:3      | Found a glowing drain.
  1819 | Sewer    | Entered a sewer
  1877 | Sewer    | Reached skill level 1 in Armour
  1910 | Sewer    | Slain by a river rat

Illustrated notes

Levels and vault maps discovered:
D:1:      matt_arrival_spirals, layout_basic
D:2:      layout_basic, grunt_gozag_statues
D:3:      layout_basic, cheibrodos_sewer_entry_sluice
Sewer:    sewer_minmay_w

Skill      XL: |  1  2  3  4 |
---------------+-------------+-----
Crossbows      | 5 |  5.9
Fighting       | 3 |  3.2
Maces & Flails | 1 |  1.3
Armour         | 1 |  1.0
Dodging        | |  2.2
Stealth        | |  0.7

Action                   |  1- 3 |  4- 6 || total
-------------------------+-------+-------++-------
Melee: Club              |    27 |    33 ||    60
       Headbutt          |     4 |     4 ||     8
 Fire: Hand crossbow     |    40 |     2 ||    42
  Use: Scroll            |     3 |     2 ||     5
Armor: Leather armour    |    13 |    15 ||    28
Dodge: Dodged            |    17 |    20 ||    37

Table legend: (Time is in decaauts)
 A = Elapsed time spent in this place.
 B = Non-inter-level travel time spent in this place.
 C = Inter-level travel time spent in this place.
 D = Time resting spent in this place.
 E = Time spent auto-exploring this place.
 F = Levels seen in this place.
 G = Mean time per level.
                   A        B        C        D        E       F      G
               +--------+--------+--------+--------+--------+-----+--------+
         Total |   1953 |   1899 |     54 |      0 |   1532 |   4 |  488.2 |
       Dungeon |   1839 |   1785 |     54 |      0 |   1473 |   3 |  613.0 |
         Sewer |    113 |    113 |      0 |      0 |     59 |   1 |  113.0 |
               +--------+--------+--------+--------+--------+-----+--------+

Top non-repeatable levels by time:
     D:2: 915 daAuts
     D:1: 737 daAuts
     D:3: 186 daAuts
   Sewer: 113 daAuts
